PAAA
PLYMOUTH ROCKS @ MILTON DOGFISH HEAD
08/01/2031
 
TOP OF THE 1ST
Plymouth Rocks batting - Pitching for Milton Dogfish Head : RHP Rich Choquette
Pitching: RHP Rich Choquette
Batting: LHB José Castillo 0-0: Ball
1-0: Swinging Strike
1-1: Called Strike
1-2: Ball
2-2: Ball
3-2: Foul Ball, location: 2F
3-2: Strikes out swinging
Batting: LHB Edgardo De Jesús 0-0: Ball
1-0: Fly out, F7 (Flyball, 7LM)
Batting: LHB Adrian McCoy 0-0: Ball
1-0: Ball
2-0: Foul Ball, location: 2F
2-1: Foul Ball, location: 2F
2-2: Foul Ball, location: 2F
2-2: DOUBLE (Flyball, 8RXD)
Batting: LHB Carlos Álvarez 0-0: Ball
1-0: Called Strike
1-1: Called Strike
1-2: Ball
2-2: Strikes out swinging
Top of the 1st over - 0 runs, 1 hit, 0 errors, 1 left on base; Plymouth 0 - Milton 0
BOTTOM OF THE 1ST
Milton Dogfish Head batting - Pitching for Plymouth Rocks : RHP Cisco Andr
Pitching: RHP Cisco Andr
Batting: LHB Marcos Deleón 0-0: Swinging Strike
0-1: Ball
1-1: Called Strike
1-2: Foul Ball, location: 2F
1-2: Strikes out swinging
Batting: RHB Ed Lastinger 0-0: Ball
1-0: Foul Ball, location: 2F
1-1: Foul Ball, location: 2F
1-2: Foul Ball, location: 2F
1-2: Strikes out swinging
Batting: SHB Pedro Gómez 0-0: Ball
1-0: Ground out 4-3 (Groundball, 4)
Bottom of the 1st over - 0 runs, 0 hits, 0 errors, 0 left on base; Plymouth 0 - Milton 0
TOP OF THE 2ND
Plymouth Rocks batting - Pitching for Milton Dogfish Head : RHP Rich Choquette
Batting: RHB Chris Costa 0-0: SINGLE (Line Drive, 89S)
Batting: RHB Chris Teague 0-0: Ball
1-0: Ball
2-0: Swinging Strike
2-1: Called Strike
2-2: Grounds into double play, 6-4-3 (Groundball, 56)
Batting: RHB Cosmo Bjorkenheim 0-0: Ground out 3-1 (Groundball, 34)
Top of the 2nd over - 0 runs, 1 hit, 0 errors, 0 left on base; Plymouth 0 - Milton 0
BOTTOM OF THE 2ND
Milton Dogfish Head batting - Pitching for Plymouth Rocks : RHP Cisco Andr
Batting: RHB Enrique Rocha 0-0: Ground out 6-3 (Groundball, 6)
Batting: LHB Edward Woodstock 0-0: Ball
1-0: SINGLE (Flyball, 78S)
Batting: RHB Yves Girard 0-0: Ball
1-0: Ground out 5-3 (Groundball, 56S)
Edward Woodstock to second
Batting: RHB Lorenzo Rosas 0-0: Ball
1-0: Ball
2-0: Swinging Strike
2-1: Ball
3-1: Base on Balls
Batting: SHB Shoin Takuda 0-0: Foul Ball, location: 2F
0-1: Ground out 4-3 (Groundball, 4)
Bottom of the 2nd over - 0 runs, 1 hit, 0 errors, 2 left on base; Plymouth 0 - Milton 0
TOP OF THE 3RD
Plymouth Rocks batting - Pitching for Milton Dogfish Head : RHP Rich Choquette
Batting: SHB Raúl Rodríguez 0-0: Fly out, F7 (Flyball, 7LM)
Batting: RHB Luis Guerrero 0-0: Ball
1-0: Foul Ball, location: 2F
1-1: Foul Ball, location: 2F
1-2: SINGLE (Groundball, 4MD)
Batting: LHB José Castillo 0-0: Ball
1-0: Fielders Choice at 2nd, 4-6 (Groundball, 4)
Batting: LHB Edgardo De Jesús 0-0: Called Strike
0-1: Ball
1-1: Ball
2-1: Ball
3-1: Base on Balls
José Castillo to second
Batting: LHB Adrian McCoy 0-0: Called Strike
0-1: Called Strike
0-2: Strikes out swinging
Top of the 3rd over - 0 runs, 1 hit, 0 errors, 2 left on base; Plymouth 0 - Milton 0
BOTTOM OF THE 3RD
Milton Dogfish Head batting - Pitching for Plymouth Rocks : RHP Cisco Andr
Batting: SHB Enrique Costello 0-0: Swinging Strike
0-1: SINGLE (Line Drive, 4MD)
Batting: LHB Marcos Deleón 0-0: Ball
1-0: Ball
2-0: Ball
3-0: Called Strike
3-1: Base on Balls
Enrique Costello to second
Batting: RHB Ed Lastinger 0-0: Ball
1-0: Ball
2-0: Foul Ball, location: 2F
2-1: Foul Ball, location: 2F
2-2: Fly out, F7 (Flyball, 78M)
Batting: SHB Pedro Gómez 0-0: Ball
1-0: Ball
2-0: Fly out, F7 (Line Drive, 7)
Batting: RHB Enrique Rocha 0-0: Swinging Strike
0-1: Ball
1-1: Ball
2-1: Reached on error, E6 (Groundball, 56)
Enrique Costello scores
Marcos Deleón to third
Batting: LHB Edward Woodstock 0-0: Ball
1-0: Fly out, F8 (Flyball, 8RS)
Bottom of the 3rd over - 1 run, 1 hit, 1 error, 2 left on base; Plymouth 0 - Milton 1
TOP OF THE 4TH
Plymouth Rocks batting - Pitching for Milton Dogfish Head : RHP Rich Choquette
Batting: LHB Carlos Álvarez 0-0: Ball
1-0: Called Strike
1-1: Called Strike
1-2: Ball
2-2: Strikes out swinging
Batting: RHB Chris Costa 0-0: Ball
1-0: Fly out, F6 (Line Drive, 56)
Batting: RHB Chris Teague 0-0: Ball
1-0: SOLO HOME RUN (Flyball, 7D), Distance : 402 ft
Batting: RHB Cosmo Bjorkenheim 0-0: Ball
1-0: Fly out, F7 (Flyball, 78D)
Top of the 4th over - 1 run, 1 hit, 0 errors, 0 left on base; Plymouth 1 - Milton 1
BOTTOM OF THE 4TH
Milton Dogfish Head batting - Pitching for Plymouth Rocks : RHP Cisco Andr
Batting: RHB Yves Girard 0-0: Ball
1-0: Ball
2-0: Ball
3-0: Called Strike
3-1: Base on Balls
Batting: RHB Lorenzo Rosas 0-0: Ball
1-0: Ball
2-0: Foul Ball, location: 2F
2-1: Grounds into double play, 6-4-3 (Groundball, 56)
Batting: SHB Shoin Takuda 0-0: Ball
1-0: Swinging Strike
1-1: Ground out 2-3 (Groundball, 2R)
Bottom of the 4th over - 0 runs, 0 hits, 0 errors, 0 left on base; Plymouth 1 - Milton 1
TOP OF THE 5TH
Plymouth Rocks batting - Pitching for Milton Dogfish Head : RHP Rich Choquette
Batting: SHB Raúl Rodríguez 0-0: Called Strike
0-1: Foul Ball, location: 2F
0-2: Ball
1-2: SOLO HOME RUN (Flyball, 9D), Distance : 366 ft
Batting: RHB Luis Guerrero 0-0: Called Strike
0-1: Ball
1-1: Ball
2-1: Fly out, F7 (Flyball, 7LMF)
Batting: LHB José Castillo 0-0: Swinging Strike
0-1: Ball
1-1: Ball
2-1: Foul Ball, location: 2F
2-2: Ground out 4-3 (Groundball, 4S)
Batting: LHB Edgardo De Jesús 0-0: Ball
1-0: Called Strike
1-1: Ball
2-1: Called Strike
2-2: Ball
3-2: SINGLE (Line Drive, 34)
Pitching: RHP Oliver Huerta
Batting: LHB Adrian McCoy 0-0: Called Strike
0-1: Ball
1-1: Foul Ball, location: 2F
1-2: DOUBLE (Line Drive, 7LD)
Edgardo De Jesús to third
Runner from 3rd tries for Home, SAFE, no throw
Batting: LHB Carlos Álvarez 0-0: Ball
1-0: Called Strike
1-1: Called Strike
1-2: Foul Ball, location: 2F
1-2: Ball
2-2: Foul Ball, location: 2F
2-2: SINGLE (Groundball, 34) (infield hit)
Adrian McCoy to third
Batting: RHB Chris Costa 0-0: SINGLE (Line Drive, 6D)
Adrian McCoy scores
Carlos Álvarez to second
Batting: RHB Chris Teague 0-0: Ball
1-0: Foul Ball, location: 2F
1-1: Swinging Strike
1-2: Strikes out swinging
Top of the 5th over - 3 runs, 5 hits, 0 errors, 2 left on base; Plymouth 4 - Milton 1
BOTTOM OF THE 5TH
Milton Dogfish Head batting - Pitching for Plymouth Rocks : RHP Cisco Andr
Batting: SHB Enrique Costello 0-0: Called Strike
0-1: Called Strike
0-2: Foul Ball, location: 2F
0-2: Ball
1-2: Ball
2-2: Strikes out swinging, 2-3 out at first.
Batting: LHB Marcos Deleón 0-0: Ball
1-0: Ball
2-0: Foul Ball, location: 2F
2-1: Foul Ball, location: 2F
2-2: Ball
3-2: Foul Ball, location: 2F
3-2: Base on Balls
Batting: RHB Ed Lastinger 0-0: Called Strike
0-1: Ball
1-1: Ball
2-1: Swinging Strike
2-2: Ball
3-2: Fly out, F7 (Line Drive, 7D)
Batting: SHB Pedro Gómez 0-0: Ball
Marcos Deleón steals 2nd base
1-0: Foul Ball, location: 2F
1-1: Fly out, F9 (Flyball, 9LSF)
Bottom of the 5th over - 0 runs, 0 hits, 0 errors, 1 left on base; Plymouth 4 - Milton 1
TOP OF THE 6TH
Plymouth Rocks batting - Pitching for Milton Dogfish Head : RHP Oliver Huerta
Batting: RHB Cosmo Bjorkenheim 0-0: Ball
1-0: Swinging Strike
1-1: Ball
2-1: Ball
3-1: Swinging Strike
3-2: Strikes out swinging
Batting: SHB Raúl Rodríguez 0-0: Ball
1-0: Called Strike
1-1: Ball
2-1: Swinging Strike
2-2: Ground out 6-3 (Groundball, 56)
Batting: RHB Luis Guerrero 0-0: Called Strike
0-1: Swinging Strike
0-2: Ball
1-2: Ball
2-2: Foul Ball, location: 2F
2-2: Strikes out swinging
Top of the 6th over - 0 runs, 0 hits, 0 errors, 0 left on base; Plymouth 4 - Milton 1
BOTTOM OF THE 6TH
Milton Dogfish Head batting - Pitching for Plymouth Rocks : RHP Cisco Andr
Batting: RHB Enrique Rocha 0-0: Ball
1-0: Called Strike
1-1: Foul Ball, location: 2F
1-2: Strikes out looking
Batting: LHB Edward Woodstock 0-0: Called Strike
0-1: Ball
1-1: Ground out 6-3 (Groundball, 6)
Batting: RHB Yves Girard 0-0: Ball
1-0: Fly out, F7 (Flyball, 7S)
Bottom of the 6th over - 0 runs, 0 hits, 0 errors, 0 left on base; Plymouth 4 - Milton 1
TOP OF THE 7TH
Plymouth Rocks batting - Pitching for Milton Dogfish Head : RHP Oliver Huerta
Batting: LHB José Castillo 0-0: Ball
1-0: Foul Ball, location: 2F
1-1: Ball
2-1: Swinging Strike
2-2: Ball
3-2: Foul Ball, location: 2F
3-2: Foul Ball, location: 2F
3-2: Foul Ball, location: 2F
3-2: Fly out, F7 (Flyball, 7S)
Pitching: RHP Craig Whitney
Batting: LHB Edgardo De Jesús 0-0: Swinging Strike
0-1: Called Strike
0-2: Foul Ball, location: 2F
0-2: Strikes out swinging
Batting: LHB Adrian McCoy 0-0: Ball
1-0: Foul Ball, location: 2F
1-1: Called Strike
1-2: DOUBLE (Flyball, 8RXD)
Batting: LHB Carlos Álvarez 0-0: Ball
1-0: Foul Ball, location: 2F
1-1: Ball
2-1: Swinging Strike
2-2: Ground out 4-3 (Groundball, 4)
Top of the 7th over - 0 runs, 1 hit, 0 errors, 1 left on base; Plymouth 4 - Milton 1
BOTTOM OF THE 7TH
Milton Dogfish Head batting - Pitching for Plymouth Rocks : RHP Cisco Andr
Batting: RHB Lorenzo Rosas 0-0: Swinging Strike
0-1: Ball
1-1: Foul Ball, location: 2F
1-2: Foul Ball, location: 2F
1-2: Ball
2-2: SINGLE (Flyball, 7S)
Batting: SHB Shoin Takuda 0-0: Ball
1-0: Grounds into double play, 6-4-3 (Groundball, 6M)
Batting: SHB Enrique Costello 0-0: Called Strike
0-1: Foul Ball, location: 2F
0-2: Strikes out swinging
Bottom of the 7th over - 0 runs, 1 hit, 0 errors, 0 left on base; Plymouth 4 - Milton 1
TOP OF THE 8TH
Plymouth Rocks batting - Pitching for Milton Dogfish Head : RHP Craig Whitney
Batting: RHB Chris Costa 0-0: Ground out 1-3 (Groundball, P)
Batting: RHB Chris Teague 0-0: Called Strike
0-1: Called Strike
0-2: Ball
1-2: Ball
2-2: Ball
3-2: Strikes out swinging
Batting: RHB Cosmo Bjorkenheim 0-0: Called Strike
0-1: Fly out, F3 (Flyball, 34D)
Top of the 8th over - 0 runs, 0 hits, 0 errors, 0 left on base; Plymouth 4 - Milton 1
BOTTOM OF THE 8TH
Milton Dogfish Head batting - Pitching for Plymouth Rocks : RHP Cisco Andr
Batting: LHB Marcos Deleón 0-0: Ball
1-0: Ball
2-0: Ball
3-0: Base on Balls
Batting: RHB Ed Lastinger 0-0: Swinging Strike
0-1: SINGLE (Line Drive, 3)
Marcos Deleón to second
Batting: SHB Pedro Gómez 0-0: Grounds into double play, 4-6-3 (Groundball, 4)
Marcos Deleón to third
Batting: RHB Enrique Rocha 0-0: Ball
1-0: Ball
2-0: Foul Ball, location: 2F
2-1: Foul Ball, location: 2F
2-2: Strikes out swinging
Bottom of the 8th over - 0 runs, 1 hit, 0 errors, 1 left on base; Plymouth 4 - Milton 1
TOP OF THE 9TH
Plymouth Rocks batting - Pitching for Milton Dogfish Head : RHP Craig Whitney
Batting: SHB Raúl Rodríguez 0-0: Ball
1-0: Ball
2-0: Called Strike
2-1: Ball
3-1: Base on Balls
Batting: RHB Luis Guerrero 0-0: Ball
1-0: Ball
2-0: Ball
3-0: Called Strike
3-1: Ball
Raúl Rodríguez to second
Batting: LHB José Castillo 0-0: Sac Bunt - play at third, runner OUT! 3-5
Luis Guerrero to second
Batting: LHB Edgardo De Jesús 0-0: Swinging Strike
0-1: Swinging Strike
0-2: Strikes out swinging
Batting: LHB Adrian McCoy 0-0: 3-RUN HOME RUN (Flyball, 9LD), Distance : 345 ft
Batting: LHB Carlos Álvarez 0-0: Ball
1-0: SINGLE (Flyball, 8RS)
Pitching: RHP Ronaldo Matos
Batting: RHB Chris Costa 0-0: Ball
1-0: Ball
2-0: Fly out, F8 (Flyball, 8RD)
Top of the 9th over - 3 runs, 2 hits, 0 errors, 1 left on base; Plymouth 7 - Milton 1
BOTTOM OF THE 9TH
Milton Dogfish Head batting - Pitching for Plymouth Rocks : RHP Cisco Andr
Batting: LHB Edward Woodstock 0-0: Ball
1-0: Called Strike
1-1: Foul Ball, location: 2F
1-2: SOLO HOME RUN (Flyball, 9LD), Distance : 341 ft
Pitching: LHP Roberto Aguirre
Batting: RHB Yves Girard 0-0: Called Strike
0-1: Ball
1-1: Fly out, F7 (Line Drive, 78D)
Batting: RHB Lorenzo Rosas 0-0: Called Strike
0-1: Ball
1-1: DOUBLE (Flyball, 8LXD)
Batting: SHB Shoin Takuda 0-0: Foul Ball, location: 2F
0-1: Ball
1-1: Ball
2-1: Swinging Strike
2-2: Strikes out swinging
Batting: SHB Enrique Costello 0-0: Ball
1-0: SINGLE (Groundball, 6MD)
Lorenzo Rosas to third
Batting: LHB Marcos Deleón 0-0: Called Strike
0-1: Foul Ball, location: 2F
0-2: Ball
1-2: Ground out 4-3 (Groundball, 34)
Bottom of the 9th over - 1 run, 3 hits, 0 errors, 2 left on base; Plymouth 7 - Milton 2
Tuesday, June 12th, 2018 - OOTP Baseball 18.8 Build 76